 Dungeon Crawl Stone Soup version 0.29-a0-409-gd843f3a48c (webtiles) character file.

Game seed: 11780517477009135202

756 Pelinal the Chiller (level 7, -2/46 HPs)
             Began as a Merfolk Ice Elementalist on May 14, 2022.
             Was an Initiate of Ashenzari.
             Killed from afar by a steam dragon (22 damage)
             ... with a ball of steam
             ... on level 5 of the Dungeon.
             The game lasted 00:12:05 (5868 turns).

Pelinal the Chiller (Merfolk Ice Elementalist)      Turns: 5868, Time: 00:12:06

Health: -2/46      AC:  3    Str:  8    XL:     7   Next: 79%
Magic:  11/12      EV: 15    Int: 15    God:    Ashenzari [......]
Gold:   276        SH:  0    Dex: 16    Spells: 4/12 levels left

rFire   . . .      SeeInvis +   c - +0 spear
rCold   . . .      Faith    .   (no shield)
rNeg    . . .      Spirit   .   a - +1 robe
rPois   .          Reflect  .   (no helmet)
rElec   .          Harm     .   (no cloak)
rCorr   .          Rampage  .   (no gloves)
Will    .....                   (no boots)
Stlth   ++........              (no amulet)
HPRegen 0.15/turn               f - ring of see invisible
MPRegen 0.13/turn               (no ring)

@: lethally poisoned (-2 -> -4), hasted, very quick
A: (nimble swimmer 2), mertail
a: Renounce Religion


You were on level 5 of the Dungeon.
You worshipped Ashenzari.
Ashenzari was noncommittal.
You visited 2 branches of the dungeon, and saw 6 of its levels.
You also visited: Ossuary.

You collected 276 gold pieces.

Inventory:

Hand Weapons
 c - a +0 spear (weapon)
Missiles
 e - 107 stones
 y - 6 poisoned darts
Armour
 a - a +1 robe (worn)
Jewellery
 f - a ring of see invisible (left hand)
Wands
 l - a wand of iceblast (10)
 w - a wand of flame (9)
Scrolls
 d - 2 scrolls of amnesia {unknown}
 h - 2 scrolls of poison {unknown}
 i - a scroll of enchant armour
 j - 3 scrolls of fog
 m - a scroll of immolation {unknown}
 q - a scroll of summoning {unknown}
 s - a scroll of blinking {unknown}
 u - 2 scrolls of fear {unknown}
 v - 3 scrolls of magic mapping
 x - a scroll of silence {unknown}
 z - 2 scrolls of teleportation {unknown}
 A - a scroll of identify
Potions
 b - a potion of magic
 k - a potion of might {unknown}
 n - a potion of degeneration
 o - a potion of mutation
 r - 2 potions of lignification {unknown}
 t - a potion of brilliance {unknown}


   Skills:
 + Level 5.9 Polearms
 + Level 6.2 Dodging
 - Level 2.3 Stealth
 - Level 3.3 Spellcasting
 - Level 6.5 Ice Magic


You had 4 spell levels left.
You knew the following spells:

 Your Spells              Type           Power      Damage    Failure   Level
a - Freeze                Ice            88%        1d10      1%          1
b - Frozen Ramparts       Ice            44%        1d6       4%          3
c - Ozocubu's Armour      Ice            22%        N/A       4%          3
d - Shock                 Conj/Air       8%         1d3       19%         1

Your spell library contained the following spells:

 Spells                   Type           Power      Damage    Failure   Level
 Hailstorm                Conj/Ice       12%        3d5       45%         4
 Swiftness                Air            2%         N/A       50%         3
 Airstrike                Air            1%         N/A       88%         4


Dungeon Overview and Level Annotations

Branches:
Dungeon (5/15)             Temple (1/1) D:4         Ossuary (visited)

Altars:
Ashenzari
Xom

Shops:
D:3 =


Innate Abilities, Weirdness & Mutations

((You are very nimble when in or above water. (Stealth+, EV+, Speed+++)))
Your lower body shifts to a powerful aquatic tail in water.


Message History

Unknown command.
You feel much better.
You are engulfed in a cloud of scalding steam.
You feel sick. The heat melts your icy armour.
Unknown command.
Unknown command.
Your icy armour will break if you move.
Continue?
Okay, then.
Your icy armour will break if you move.
Continue?
Your icy armour cracks and falls away as you move.
You feel sick. The steam dragon completely misses you.
The steam dragon claws you.
* * * LOW HITPOINT WARNING * * *
Unknown command.
Reach: c) +0 spear
Press: ? - help, Dir - move target, f/p - steam dragon
Aim: a steam dragon (heavily wounded, about 36% to evade your +0 spear)
You barely miss the steam dragon.
The steam dragon is heavily wounded.
The steam dragon bites you.
* * * LOW HITPOINT WARNING * * *
The steam dragon claws you.
* * * LOW HITPOINT WARNING * * *
Unknown command.
You feel much better.
You feel sick.
Unknown command.
Magic courses through your body.
You feel sick. The steam dragon bites you! The steam dragon barely misses you.
Unknown command.
Casting: Freeze (safe; 1% risk of failure)
Confirm with . or Enter, or press ? or * to list all spells.
Aiming: Freeze (safe; 1% risk of failure)
Press: ? - help, Shift-Dir - straight line, f/p - steam dragon
Aim: a steam dragon (heavily wounded)
You freeze the steam dragon!
The steam dragon is almost dead.
The steam dragon breathes steam at you. The ball of steam hits you!!
You die...

#......#
#..../.#
#......#
#......#
#......#
+......#
##+#...)).#
......D§§.#
.......@..#
..........#
..........#
.......>..#
####......+
#......#
#......#
#......#


You could see a steam dragon (catching breath).

Vanquished Creatures
  A bullfrog (D:4)
  6 water moccasin zombies (Ossuary)
  2 orc priests
  4 orc wizards
  2 mummies (Ossuary)
  3 adders
  6 adder zombies (Ossuary)
  3 worms
  3 dart slugs
  9 orcs
  5 ball pythons
  3 endoplasms
  2 giant cockroaches
  5 gnoll zombies (Ossuary)
  4 goblins
  3 hobgoblins
  5 jackals (D:1)
  4 kobolds
  4 quokkas
  5 bats
  2 frilled lizards
  7 hobgoblin zombies (Ossuary)
  6 kobold zombies (Ossuary)
  2 orc zombies (Ossuary)
  8 rats
104 creatures vanquished.

Vanquished Creatures (others)
  An orc wizard (D:3)
1 creature vanquished.

Grand Total: 105 creatures vanquished

Notes
Turn   | Place    | Note
-------+----------+-------------------------------------------
     0 | D:1      | Pelinal the Merfolk Ice Elementalist began the quest for
                  | the Orb.
     0 | D:1      | Reached XP level 1. HP: 13/13 MP: 3/3
   221 | D:1      | Found a faded altar of an unknown god.
   264 | D:1      | Reached skill level 1 in Polearms
   304 | D:1      | Reached XP level 2. HP: 19/19 MP: 1/5
  1111 | D:1      | Reached XP level 3. HP: 20/24 MP: 6/6
  1192 | D:2      | Learned a level 3 spell: Frozen Ramparts
  1269 | D:2      | Reached skill level 5 in Ice Magic
  1577 | D:2      | Found a shimmering altar of Xom.
  1922 | D:2      | Learned a level 1 spell: Shock
  2184 | D:2      | Reached XP level 4. HP: 25/30 MP: 5/7
  2551 | D:3      | Reached XP level 5. HP: 34/35 MP: 3/10
  3170 | D:3      | You fall into a shaft and drop 1 floor!
  3178 | D:4      | Found a sand-covered staircase.
  3186 | Ossuary  | Entered an ossuary
  3215 | Ossuary  | Learned a level 3 spell: Ozocubu's Armour
  3288 | Ossuary  | Reached XP level 6. HP: 34/41 MP: 11/11
  4049 | Ossuary  | Reached XP level 7. HP: 27/46 MP: 5/12
  4065 | Ossuary  | Reached skill level 5 in Dodging
  4097 | Ossuary  | Reached skill level 5 in Polearms
  4882 | D:3      | Found Enozim's Jewellery Emporium.
  5425 | D:4      | Found a staircase to the Ecumenical Temple.
  5434 | Temple   | Entered the Ecumenical Temple
  5443 | Temple   | Became a worshipper of Ashenzari the Shackled
  5832 | D:5      | Entered Level 5 of the Dungeon
  5850 | D:5      | Noticed a steam dragon
  5862 | D:5      | HP: 2/46 [steam dragon/ball of steam (17)]
  5868 | D:5      | Killed from afar by a steam dragon

Illustrated notes

Levels and vault maps discovered:
D:1:      dpeg_arrival_subterranean_lakeside_camping, layout_basic,
          hellmonk_ecumenical_altar_dog_temple
D:2:      layout_basic, basic_altar, kennysheep_generic_room_4
D:3:      layout_basic, serial_shops, shop_coins
D:4:      layout_basic, minmay_temple_entry_poolview,
          chequers_ossuary_entry_cave, chequers_serial_rivers_small_a
D:5:      layout_gridville, grunt_gozag_breadcrumbs
Temple:   regret_index_temple_waves

Skill      XL: |  1  2  3  4  5  6  7 |
---------------+----------------------+-----
Polearms       | 1 2 4 5 |  5.9
Ice Magic      | 5 6 |  6.5
Spellcasting   | 3 |  3.3
Dodging        | 4 6 |  6.2
Stealth        | |  2.3

Action                   |  1- 3 |  4- 6 |  7- 9 || total
-------------------------+-------+-------+-------++-------
Melee: Spear             |    86 |   338 |   130 ||   554
       Punch             |       |     7 |     1 ||     8
 Cast: Freeze            |    27 |    10 |    15 ||    52
       Frozen Ramparts   |     2 |     7 |     3 ||    12
       Shock             |       |     2 |       ||     2
       Ozocubu's Armour  |       |    10 |     4 ||    14
  Use: Scroll            |       |     4 |     4 ||     8
       Potion            |       |     3 |     8 ||    11
 Stab: Sleeping          |     9 |     3 |       ||    12
       Distracted        |       |     1 |       ||     1
Armor: Robe              |    14 |    73 |    31 ||   118
Dodge: Dodged            |    54 |   171 |    67 ||   292

Table legend: (Time is in decaauts)
 A = Elapsed time spent in this place.
 B = Non-inter-level travel time spent in this place.
 C = Inter-level travel time spent in this place.
 D = Time resting spent in this place.
 E = Time spent auto-exploring this place.
 F = Levels seen in this place.
 G = Mean time per level.
                   A        B        C        D        E       F      G
               +--------+--------+--------+--------+--------+-----+--------+
         Total |   5766 |   5655 |    111 |   1687 |   2866 |   7 |  823.7 |
       Dungeon |   4355 |   4244 |    111 |    913 |   2714 |   5 |  871.0 |
        Temple |     17 |     17 |      0 |      0 |      0 |   1 |   17.0 |
       Ossuary |   1393 |   1393 |      0 |    774 |    152 |   1 | 1393.0 |
               +--------+--------+--------+--------+--------+-----+--------+

Top non-repeatable levels by time:
 Ossuary: 1393 daAuts
     D:3: 1285 daAuts
     D:1: 1184 daAuts
     D:2: 1056 daAuts
     D:4: 806 daAuts
     D:5: 23 daAuts
  Temple: 17 daAuts
